 Dungeon Crawl Stone Soup version 0.20-a0-261-gcb1eca7 (webtiles) character file.

354 Hercules the Conjurer (level 6, 0/67 HPs)
             Began as a Demigod Conjurer on Dec 3, 2016.
             Succumbed to Dowan's poison
             ... on level 5 of the Dungeon.
             The game lasted 00:17:10 (3813 turns).

Hercules the Conjurer (Demigod Conjurer)            Turns: 3813, Time: 00:17:10

Health: 0/67       AC:  5    Str: 18    XL:     6   Next: 12%
Magic:  5/13       EV: 18    Int: 23    God:
Gold:   188        SH:  0    Dex: 21    Spells: 6/11 levels left

rFire  + . .     SeeInvis .     l - +1 war axe (chop)
rCold  . . .     Gourm    .     n - +0 robe {rN+}
rNeg   + . .     Faith    .     (no shield)
rPois  .         Spirit   .     (no helmet)
rElec  .         Reflect  .     (no cloak)
rCorr  .         Harm     .     (no gloves)
MR     +....                    d - +0 pair of boots
Stlth  ..........               (no amulet)
                                m - ring of protection from fire
                                g - ring of protection from magic

@: agile, berserking, lethally poisoned (0 -> -3), very slightly contaminated,
very quick
A: iridescent scales 1, high mp 1, strong 1, sturdy frame 1
a: no special abilities


You were on level 5 of the Dungeon.
You were hungry.

You visited 1 branch of the dungeon, and saw 5 of its levels.

You collected 188 gold pieces.

Inventory:

Hand Weapons
 l - a +1 war axe of chopping (weapon)
Armour
 d - a +0 pair of boots (worn)
 n - a +0 robe of positive energy (worn)
Jewellery
 g - a ring of protection from magic (left hand)
 m - a ring of protection from fire (right hand)
Scrolls
 a - a scroll of enchant armour
 j - 3 scrolls of remove curse
Potions
 f - a potion of haste
 k - a potion of berserk rage
Books
 b - a book of Conjurations

   Spells                             Type                      Level
   a - Magic Dart                     Conjuration                  1
   b - Searing Ray                    Conjuration                  2
   c - Dazzling Spray                 Conjuration/Hexes            3
   d - Fulminant Prism                Conjuration/Hexes            4
   e - Iskenderun's Mystic Blast      Conjuration                  4
   f - Iskenderun's Battlesphere      Conjuration/Charms           5
Comestibles
 c - 2 bread rations
 i - a meat ration
 o - 2 fruits
 q - a chunk of flesh


   Skills:
 - Level 1.7 Dodging
 - Level 1.7 Stealth
 + Level 3.1 Spellcasting
 + Level 6.3 Conjurations


You had 6 spell levels left.
You knew the following spells:

 Your Spells              Type           Power        Failure   Level  Hunger
a - Magic Dart            Conj           ####         1%          1    None
b - Iskenderun's Mystic   Conj           ####....     10%         4    ####...


Dungeon Overview and Level Annotations

Branches:
Dungeon (5/15)
 Temple: D:4-7

Shops:
D:4 [

Annotations:
D:4 Dowan, Duvessa
D:5 Pikel; patman's ghost, amateur GrBe


Innate Abilities, Weirdness & Mutations

You have an increased reservoir of magic. (+10% MP)
You are partially covered in iridescent scales. (AC +2)
Your muscles are strong. (Str +2)
Your movements are slightly less encumbered by armour. (ER -2)


Message History

* * * LOW HITPOINT WARNING * * *
You feel sick.
Duvessa says, "When magic and the sword combine, nothing stands against them."
You climb downwards.
Level annotation: Pikel
* * * LOW HITPOINT WARNING * * *
You feel sick.
Found a glass ring.
There is a stone staircase leading up here.
A red film seems to cover your vision as you go berserk!
You feel yourself moving faster!
You feel mighty!
Patman's ghost (amateur Gargoyle Berserker) comes into view.
Press: ? - help, v - describe, . - travel
Here: patman's ghost (hasn't noticed you)
The floor.
Press: ? - help, v - describe, . - travel
Here: patman's ghost (hasn't noticed you)
The floor.
You feel a strong urge to attack something.
You die...

.=. . ..# #.
#..# ## #.#
#..# ...#####
#..### #..#
#...=..##
#...###..#
...W#.##
##.......#
#....#
#.###.#.#####
#.<@# #.#
##.......
#..#.#..
#....###
#..##..
#.##....
#..###.#
#.....###
#..# .#
..####.# #
#..# # ###
#.# # #...
#.# # ....
#.# # #.# #


You could see patman's ghost (wandering).

Vanquished Creatures
  An orc wizard (D:3)
  A centaur skeleton (D:4)
  An orc priest (D:3)
  Terence (D:2)
  Natasha (D:3)
  A worker ant (D:4)
  3 gnolls
  6 adders
  An ooze (D:1)
  4 worms
  3 dart slugs
  3 leopard geckos
  8 orcs
  4 giant cockroaches
  12 hobgoblins
  4 jackals (D:2)
  6 kobolds
  2 quokkas
  5 bats
  4 frilled lizards
  9 goblins
  4 rats
84 creatures vanquished.

Vanquished Creatures (others)
  A quokka (D:5)
1 creature vanquished.

Grand Total: 85 creatures vanquished

Notes
Turn   | Place    | Note
-------+----------+-------------------------------------------
     0 | D:1      | Hercules the Demigod Conjurer began the quest for the Orb.
     0 | D:1      | Reached XP level 1. HP: 14/14 MP: 5/5
    92 | D:1      | Reached skill level 4 in Conjurations
   201 | D:1      | Reached XP level 2. HP: 20/20 MP: 1/7
   412 | D:1      | Reached XP level 3. HP: 26/26 MP: 3/8
   595 | D:2      | Gained mutation: Your muscles are strong. (Str +2) [potion of mutation]
   595 | D:2      | Gained mutation: Your movements are slightly less encumbered by armour. (ER -2) [potion of mutation]
   595 | D:2      | Gained mutation: You are partially covered in iridescent scales. (AC +2) [potion of mutation]
   807 | D:2      | Found a sacrificial altar of Ru.
   838 | D:2      | Reached skill level 5 in Conjurations
   926 | D:2      | Noticed Terence
  1040 | D:2      | Killed Terence
  1040 | D:2      | Reached XP level 4. HP: 25/33 MP: 0/9
  1081 | D:2      | Learned a level 4 spell: Iskenderun's Mystic Blast
  1741 | D:2      | Found a burning altar of Makhleb.
  1879 | D:3      | Noticed Natasha
  1881 | D:3      | Killed Natasha
  1950 | D:3      | Reached XP level 5. HP: 38/38 MP: 5/11
  1959 | D:3      | Found an iron altar of Okawaru.
  2350 | D:3      | You fall through a shaft for 2 floors!
  2350 | D:5      | Entered Level 5 of the Dungeon
  2350 | D:5      | Noticed an ogre
  2393 | D:5      | Noticed an ogre
  2396 | D:5      | Noticed Pikel
  2397 | D:5      | Noticed a slave
  2397 | D:5      | Noticed a slave
  2414 | D:5      | Found a white marble altar of Elyvilon.
  2418 | D:5      | Found a glowing silver altar of Zin.
  2433 | D:5      | Noticed a slave
  2887 | D:4      | Reached skill level 6 in Conjurations
  3283 | D:3      | Found a shattered altar of Ashenzari.
  3322 | D:3      | Reached XP level 6. HP: 45/45 MP: 7/13
  3451 | D:3      | Found an iron altar of Okawaru.
  3666 | D:4      | Found Qeriar's Armour Boutique.
  3774 | D:4      | Noticed Duvessa
  3776 | D:4      | Noticed Dowan
  3810 | D:4      | HP: 2/45 [poisoned by Dowan]
  3813 | D:5      | Noticed patman's ghost (amateur GrBe)
  3813 | D:5      | Succumbed to Dowan's poison

Vault maps used:
D:1:      lightli_iron_boxes
D:2:      marbit_many_paths, nicolae_ru_sacrificial_ziggurat, uniq_terence
D:3:      cheibrodos_ashenzari_chains, lemuel_crystal_altar, first_bread,
          okawaru_altar_gauntlet_db, uniq_natasha
D:4:      kennysheep_mini_moat, serial_shops, shop, uniq_duvessa
D:5:      elyvilon_altar_4, kiku_gazebo_pond_becter, lemuel_tele_altar,
          uniq_edmund, uniq_pikel

Skill      XL: |  1  2  3  4  5 |
---------------+----------------+-----
Conjurations   | 4 5 6 |  6.3
Spellcasting   | 2 3 |  3.1
Dodging        | |  1.7
Stealth        | |  1.7

Action                   |  1- 3 |  4- 6 || total
-------------------------+-------+-------++-------
Melee: Unarmed           |     9 |       ||     9
       War axe           |       |    52 ||    52
 Cast: Magic Dart        |    77 |   104 ||   181
       Iskenderun's Myst |       |    13 ||    13
  Use: Potion            |     3 |     3 ||     6
       Scroll            |       |    11 ||    11
 Stab: Sleeping          |       |     1 ||     1
  Eat: Chunk             |     1 |     7 ||     8
       Bread ration      |       |     1 ||     1
Armor: Robe              |     5 |    37 ||    42
Dodge: Dodged            |    22 |    81 ||   103
